[Event "Titled Tuesday Blitz May 4 2021"]
[White "Tikhonov, Viacheslav"]
[Black "Srihari L R"]
[WhiteFideId "44196407"]
[BlackFideId "46617116"]
[WhiteElo "1773"]
[BlackElo "2121"]
[Result "0-1"]
[Round "04"]
[TimeControl "180+1"]
[Date "2021.05.04"]
[WhiteClock "0:00:05"]
[BlackClock "0:00:43"]

1. c4 e5 2. g3 d6 3. Bg2 f5 4. d3 Nf6 5. e3 Be7 6. Ne2 O-O 7. Nbc3 Nc6 8. O-O Kh8 9. Rb1 a5 10. a3 Qe8 11. b4 axb4 12. axb4 Qh5 13. b5 Nd8 14. Bb2 Ne6 15. Nd5 Nxd5 16. cxd5 Ng5 17. f4 Nf7 18. Rc1 Bd8 19. Bf3 Qg6 20. e4 Re8 21. Qc2 Bd7 22. d4 exd4 23. e5 dxe5 24. fxe5 Nxe5 25. Nxd4 Rc8 26. Bg2 Bf6 27. Nxf5 Bxb5 28. Rfd1 Bd3 29. Rxd3 Nxd3 30. Bxf6 Qxf5 31. Rf1 Qg6 32. Bd4 c5 33. dxc6 bxc6 34. Bh3 Rcd8 35. Bf5 Qd6 36. Bb6 Rb8 37. Ba5 Qc5+ 38. Qxc5 Nxc5 39. Rc1 Nb3 40. Rxc6 Nxa5 41. Rc7 Rf8 42. g4 Nb3 43. h4 Nd4 44. Bd3 Rbd8 45. Bb1 Ne6 46. Re7 Rd1+ 47. Kg2 Nf4+ 48. Kg3 Rxb1 49. h5 Rb3+ 50. Kh4 Rh3+ 51. Kg5 h6# 0-1


[Site "https://www.chess.com"]

[Event "Titled Tuesday Blitz May 4 2021"]
[White "Todorovic, Bojan"]
[Black "Manukian, Artak"]
[WhiteFideId "917087"]
[BlackFideId "13301373"]
[WhiteElo "2266"]
[BlackElo "2470"]
[Result "0-1"]
[Round "04"]
[TimeControl "180+1"]
[Date "2021.05.04"]
[WhiteClock "0:00:26"]
[BlackClock "0:02:04"]

1. Nf3 g6 2. d4 Bg7 3. g3 c5 4. d5 Nf6 5. Bg2 O-O 6. O-O d6 7. c4 b5 8. cxb5 a6 9. bxa6 Bxa6 10. Nc3 Nbd7 11. h3 Nb6 12. Re1 Nfd7 13. Qc2 Rb8 14. Rb1 Qc7 15. b3 c4 16. b4 Ne5 17. Nd2 Bc8 18. a4 Nbd7 19. f4 Nd3 20. exd3 cxd3 21. Qxd3 Qxc3 22. Qxc3 Bxc3 23. Ne4 Bxe1 0-1


[Site "https://www.chess.com"]

[Event "Titled Tuesday Blitz May 4 2021"]
[White "Tokhirjonova, Gulrukhbegim"]
[Black "Alavi, Sayed Javad"]
[WhiteFideId "14203626"]
[BlackFideId "12500607"]
[WhiteElo "2236"]
[BlackElo "2495"]
[Result "0-1"]
[Round "04"]
[TimeControl "180+1"]
[Date "2021.05.04"]
[WhiteClock "0:00:07"]
[BlackClock "0:00:21"]

1. e4 c5 2. Nf3 e6 3. d4 cxd4 4. Nxd4 a6 5. c4 Nf6 6. Nc3 Bb4 7. Qd3 O-O 8. Be2 d6 9. O-O Bxc3 10. bxc3 Nbd7 11. Nb3 Qc7 12. f4 b6 13. Bf3 Bb7 14. Be3 Rac8 15. Rfd1 Qxc4 16. Qxd6 Bxe4 17. Rd4 Qxc3 18. Bd2 Qc2 19. Bxe4 Nxe4 20. Qxd7 Nf6 21. Qd6 Nd5 22. Qe5 a5 23. Qe4 Qb2 24. Qb1 Qa3 25. Bc1 Qe7 26. Qe4 a4 27. Nd2 Qc5 28. Bb2 a3 29. Bc1 Nc3 30. Qd3 Qxd4+ 31. Qxd4 Ne2+ 32. Kf2 Nxd4 33. Bxa3 Rfd8 34. Rb1 Rc2 35. Ke3 Nf5+ 0-1


[Site "https://www.chess.com"]

[Event "Titled Tuesday Blitz May 4 2021"]
[White "Tomb, Maroun"]
[Black "Tari, Aryan"]
[WhiteFideId "5300398"]
[BlackFideId "1510045"]
[WhiteElo "2566"]
[BlackElo "2957"]
[Result "0-1"]
[Round "04"]
[TimeControl "180+1"]
[Date "2021.05.04"]
[WhiteClock "0:00:42"]
[BlackClock "0:00:32"]

1. e4 c6 2. Nc3 d5 3. Nf3 dxe4 4. Nxe4 Nf6 5. Qe2 Nxe4 6. Qxe4 Nd7 7. Bc4 Nf6 8. Ne5 e6 9. Qe2 b5 10. Bb3 Bd6 11. d4 O-O 12. O-O Qc7 13. Bf4 Bb7 14. Bg3 c5 15. dxc5 Qxc5 16. Rad1 Rad8 17. Rd3 Ne4 18. Rfd1 Qc7 19. Nf3 Nxg3 20. hxg3 h6 21. c3 b4 22. Qd2 Be7 23. cxb4 Rxd3 24. Qxd3 Rd8 25. Qc2 Rxd1+ 26. Qxd1 Bxb4 27. Qd4 Bc5 28. Qc4 Qb6 29. Qc2 Qd6 30. Bc4 Bxf3 31. gxf3 Qxg3+ 32. Kf1 Qxf3 33. Bxe6 Qh1+ 34. Ke2 Qh5+ 0-1


[Site "https://www.chess.com"]

[Event "Titled Tuesday Blitz May 4 2021"]
[White "Toncheva, Nadya"]
[Black "Omariev, Maksim"]
[WhiteFideId "2924056"]
[BlackFideId "4193423"]
[WhiteElo "1920"]
[BlackElo "2402"]
[Result "0-1"]
[Round "04"]
[TimeControl "180+1"]
[Date "2021.05.04"]
[WhiteClock "0:00:20"]
[BlackClock "0:00:08"]

1. d4 h5 2. c4 h4 3. Nc3 c6 4. e4 d6 5. h3 e5 6. dxe5 dxe5 7. Qxd8+ Kxd8 8. Nf3 f6 9. Be3 Be6 10. O-O-O Kc7 11. b3 Ba3+ 12. Kc2 Na6 13. Nd2 g5 14. f3 Ne7 15. Ncb1 Bd6 16. a3 Bc5 17. Bxc5 Nxc5 18. b4 Na4 19. Kb3 Nb6 20. Nc3 Ng6 21. a4 a5 22. b5 Rhd8 23. Kc2 Nd7 24. Nb3 Nf4 25. Rd2 Kb6 26. Ne2 Nc5 27. Rxd8 Rxd8 28. Nxc5 Kxc5 29. Nxf4 gxf4 30. Kc3 Rd1 31. Kc2 Ra1 32. bxc6 bxc6 33. Kb2 Re1 34. g4 fxg3 35. Bg2 Rxh1 36. Bxh1 Bxh3 0-1


[Site "https://www.chess.com"]

[Event "Titled Tuesday Blitz May 4 2021"]
[White "Torkkola, Henri"]
[Black "Sokolov, Andrey M."]
[WhiteFideId "507660"]
[BlackFideId "4171438"]
[WhiteElo "2137"]
[BlackElo "2349"]
[Result "0-1"]
[Round "04"]
[TimeControl "180+1"]
[Date "2021.05.04"]
[WhiteClock "0:00:02"]
[BlackClock "0:00:38"]

1. d4 Nf6 2. Bf4 c5 3. e3 Qb6 4. Nc3 cxd4 5. exd4 e6 6. Nf3 Qxb2 7. Nb5 Bb4+ 8. Nd2 Na6 9. Rb1 Bxd2+ 10. Bxd2 Qxa2 11. Ra1 Qd5 12. Rxa6 Qe4+ 13. Be2 bxa6 14. Nd6+ Ke7 15. Nxe4 Nxe4 16. O-O Bb7 17. Bf3 f5 18. Bb4+ Kf7 19. Bxe4 Bxe4 20. c3 Rhc8 21. Qh5+ Kg8 22. f3 Bd5 23. Rc1 Rab8 24. Bd6 Rb6 25. Be5 d6 26. Bf4 a5 27. Qh4 a4 28. Qe7 a3 29. Bxd6 a2 30. Be5 Rb7 31. Qg5 h6 32. Qd2 Rb1 33. Qe1 Rxc1 34. Qxc1 Rc6 35. Qa1 Rb6 36. c4 Rb1+ 37. Kf2 Rxa1 38. cxd5 exd5 0-1


[Site "https://www.chess.com"]

[Event "Titled Tuesday Blitz May 4 2021"]
[White "Trost, Edvin"]
[Black "Dobrov, Vladimir"]
[WhiteFideId "1729519"]
[BlackFideId "4136594"]
[WhiteElo "2028"]
[BlackElo "2614"]
[Result "0-1"]
[Round "04"]
[TimeControl "180+1"]
[Date "2021.05.04"]
[WhiteClock "0:00:08"]
[BlackClock "0:00:12"]

1. d4 Nf6 2. c4 e6 3. Nc3 Bb4 4. Bd2 b6 5. Nf3 Bb7 6. e3 O-O 7. Bd3 c5 8. O-O cxd4 9. Nxd4 Nc6 10. Re1 Ne5 11. Bf1 Rc8 12. Qb3 Be7 13. Rad1 Qc7 14. Ncb5 Qb8 15. Rc1 Ne4 16. Bb4 Bxb4 17. Qxb4 Ng4 18. f4 f5 19. Rcd1 Rf7 20. Nf3 g5 21. Nd6 Nxd6 22. Qxd6 Qxd6 23. Rxd6 gxf4 24. exf4 Nf6 25. Ng5 Rg7 26. g3 h6 27. Nh3 Ne4 28. Rd4 d5 29. cxd5 Bxd5 30. b3 Rc2 31. Re2 Rgc7 32. Nf2 Rxe2 33. Bxe2 Rc1+ 34. Bf1 Nc3 35. Rd2 Ra1 36. a4 Bxb3 37. Rd8+ Kg7 38. Rd7+ Kg6 39. Rd3 Rxf1+ 40. Kg2 Bd5+ 41. Kxf1 Bc4 42. a5 Bxd3+ 43. Nxd3 bxa5 44. Ne5+ Kf6 45. Ke1 a4 46. Kd2 Ne4+ 47. Kc2 Nf2 48. Kb2 Ng4 49. Nf3 e5 50. fxe5+ Nxe5 51. Nh4 Ng4 52. h3 Nf2 53. Ka3 Nxh3 54. Kxa4 Ng5 55. Ng2 Ne4 56. Nf4 Nxg3 57. Kb5 Kg5 58. Ne6+ Kg4 59. Kc4 h5 60. Kd3 h4 61. Ke3 h3 62. Kd4 h2 63. Ke5 h1=Q 64. Kf6 Qh6+ 65. Kf7 Qxe6+ 66. Kf8 f4 67. Kg7 f3 68. Kh8 Qd7 69. Kg8 Nf5 70. Kh8 Qg7# 0-1


[Site "https://www.chess.com"]

[Event "Titled Tuesday Blitz May 4 2021"]
[White "Tutisani, Noe"]
[Black "Vivas Zamora, Fabian Ernesto"]
[WhiteFideId "13602853"]
[BlackFideId "3902480"]
[WhiteElo "2227"]
[BlackElo "1966"]
[Result "0-1"]
[Round "04"]
[TimeControl "180+1"]
[Date "2021.05.04"]
[WhiteClock "0:00:52"]
[BlackClock "0:00:12"]

1. e4 e5 2. Nf3 Nc6 3. Bc4 Nf6 4. d3 Bc5 5. c3 O-O 6. Bb3 d5 7. Qe2 a5 8. Nbd2 b6 9. a4 Ba6 10. Bc2 Qd7 11. O-O Rad8 12. exd5 Qxd5 13. Ne4 Nxe4 14. dxe4 Bxe2 15. exd5 Bxf1 16. dxc6 Bd3 17. Bb3 Rfe8 18. Bg5 Rd6 19. Rd1 h6 20. Bh4 e4 21. Ne1 Rxc6 22. Nxd3 exd3 23. Kf1 Rd6 24. Bc4 d2 25. Bg3 Rdd8 26. Bxc7 Rd7 27. Bb5 Re1+ 28. Rxe1 dxe1=Q+ 29. Kxe1 Rxc7 30. Ke2 Re7+ 31. Kf3 g5 32. h3 Kg7 33. Bc4 f5 0-1


[Site "https://www.chess.com"]

[Event "Titled Tuesday Blitz May 4 2021"]
[White "Tymrakiewicz, Rafal"]
[Black "Korchmar, Vasiliy"]
[WhiteFideId "1108832"]
[BlackFideId "24131750"]
[WhiteElo "2172"]
[BlackElo "2370"]
[Result "0-1"]
[Round "04"]
[TimeControl "180+1"]
[Date "2021.05.04"]
[WhiteClock "0:01:37"]
[BlackClock "0:00:52"]

1. e4 c5 2. d4 cxd4 3. c3 dxc3 4. Nxc3 Nc6 5. Nf3 d6 6. Bc4 e6 7. O-O Nf6 8. Qe2 a6 9. Rd1 e5 10. Bg5 Be7 11. Bxf6 Bxf6 12. Rac1 O-O 13. a3 Bg4 14. Kh1 Nd4 15. Qd3 Bxf3 16. gxf3 Bg5 17. Rb1 Qf6 18. Nd5 Qxf3+ 19. Qxf3 Nxf3 20. Nb6 Rad8 21. Bd5 Kh8 22. Rd3 Nd4 23. Rg1 Bf4 24. Rh3 f5 25. Nc4 b5 26. Ne3 fxe4 27. Ng2 Nf3 28. Nxf4 Rxf4 29. Rg6 Rc8 30. Rxd6 Rc1+ 0-1


[Site "https://www.chess.com"]

[Event "Titled Tuesday Blitz May 4 2021"]
[White "Unneland, Mathias"]
[Black "Lizlov, Alexey"]
[WhiteFideId "1525581"]
[BlackFideId "4179803"]
[WhiteElo "1975"]
[BlackElo "2272"]
[Result "1-0"]
[Round "04"]
[TimeControl "180+1"]
[Date "2021.05.04"]
[WhiteClock "0:00:34"]
[BlackClock "0:00:04"]

1. d4 Nf6 2. c4 g6 3. Nc3 Bg7 4. e4 d6 5. Nf3 O-O 6. Be2 e5 7. O-O Nc6 8. d5 Ne7 9. b4 a5 10. bxa5 Rxa5 11. a4 Nh5 12. Re1 Nf4 13. Bf1 f5 14. Bd2 h6 15. Ra3 g5 16. exf5 Nxf5 17. Ne4 Ra8 18. c5 g4 19. Bxf4 exf4 20. Nfd2 Nh4 21. cxd6 cxd6 22. g3 fxg3 23. hxg3 Ng6 24. Nc4 Ra6 25. Be2 h5 26. a5 Bf5 27. Bd3 Re8 28. Nexd6 Rxe1+ 29. Qxe1 Bxd3 30. Qe6+ Kh7 31. Rxd3 Qg5 32. Qf5 Qc1+ 33. Kg2 1-0


[Site "https://www.chess.com"]

[Event "Titled Tuesday Blitz May 4 2021"]
[White "Vargas, Gabriela"]
[Black "Berezin, Viktor"]
[WhiteFideId "3700860"]
[BlackFideId "14107872"]
[WhiteElo "2116"]
[BlackElo "2310"]
[Result "0-1"]
[Round "04"]
[TimeControl "180+1"]
[Date "2021.05.04"]
[WhiteClock "0:00:28"]
[BlackClock "0:01:27"]

1. d4 Nf6 2. Nf3 e6 3. Bg5 c5 4. c3 Nc6 5. e3 d5 6. Nbd2 h6 7. Bh4 Be7 8. Bd3 O-O 9. O-O a6 10. Ne5 Nd7 11. Bxe7 Qxe7 12. f4 Ndxe5 13. fxe5 b5 14. Qh5 Bd7 15. Rf3 f5 16. exf6 Rxf6 17. Raf1 Raf8 18. Rg3 e5 19. dxe5 Nxe5 20. Be2 Be8 21. Rxf6 Bxh5 22. Rxf8+ Qxf8 23. Bxh5 Qf5 24. Bf3 Nxf3+ 25. Rxf3 Qd3 26. Nb3 Qb1+ 27. Kf2 Qxb2+ 28. Kg3 Qxc3 0-1


[Site "https://www.chess.com"]

[Event "Titled Tuesday Blitz May 4 2021"]
[White "Vasquez Schroeder, Rodrigo"]
[Black "Mchedlishvili, Mikheil"]
[WhiteFideId "3400042"]
[BlackFideId "13600966"]
[WhiteElo "2572"]
[BlackElo "2618"]
[Result "1-0"]
[Round "04"]
[TimeControl "180+1"]
[Date "2021.05.04"]
[WhiteClock "0:00:49"]
[BlackClock "0:00:19"]

1. e4 c6 2. c4 d5 3. cxd5 cxd5 4. exd5 Nf6 5. Qa4+ Nbd7 6. Nc3 g6 7. Bc4 Bg7 8. d3 O-O 9. Nf3 b6 10. O-O Bb7 11. Be3 a6 12. Qa3 b5 13. Bb3 Re8 14. Rfe1 Rc8 15. Qb4 Nb6 16. Bxb6 Qxb6 17. Rxe7 Bf8 18. Rxe8 Rxe8 19. Qh4 b4 20. Ne4 Bg7 21. d6 Bxe4 22. dxe4 Rxe4 23. Qg3 Nh5 24. Bxf7+ Kxf7 25. Ng5+ Ke8 26. Qf3 Nf6 27. Nxe4 1-0


[Site "https://www.chess.com"]

[Event "Titled Tuesday Blitz May 4 2021"]
[White "Vega Gutierrez, Sabrina"]
[Black "Dudzinski, Pawel"]
[WhiteFideId "2219026"]
[BlackFideId "1117890"]
[WhiteElo "2281"]
[BlackElo "2193"]
[Result "0-1"]
[Round "04"]
[TimeControl "180+1"]
[Date "2021.05.04"]
[WhiteClock "0:00:17"]
[BlackClock "0:00:49"]

1. e4 c6 2. d4 d5 3. e5 c5 4. dxc5 Nc6 5. f4 Bf5 6. Nf3 e6 7. Be3 Bg4 8. Be2 a5 9. Nc3 Nge7 10. Nb5 Nf5 11. Bf2 a4 12. O-O Qa5 13. Nd6+ Bxd6 14. cxd6 O-O 15. h3 Bxf3 16. Bxf3 Qb4 17. Rb1 Qxf4 18. Re1 Nxe5 19. Bc5 Nxf3+ 20. Qxf3 Qxf3 21. gxf3 Rac8 22. Ba3 Rfd8 23. b3 Rxc2 24. bxa4 Rxa2 25. Bc5 Nxd6 26. Bxd6 Rxd6 27. Rb6 Rxb6 0-1


[Site "https://www.chess.com"]

[Event "Titled Tuesday Blitz May 4 2021"]
[White "Villegas, Pierre"]
[Black "Jobava, Baadur"]
[WhiteFideId "654183"]
[BlackFideId "13601520"]
[WhiteElo "2562"]
[BlackElo "2893"]
[Result "0-1"]
[Round "04"]
[TimeControl "180+1"]
[Date "2021.05.04"]
[WhiteClock "0:00:02"]
[BlackClock "0:00:10"]

1. d4 d5 2. c4 c6 3. Nf3 Nf6 4. Qc2 Na6 5. a3 Nc7 6. Bf4 g6 7. e3 Bg7 8. Nc3 O-O 9. Be2 dxc4 10. Bxc4 Ncd5 11. Be5 Bg4 12. Be2 Rc8 13. h3 Bf5 14. Qb3 Qb6 15. Qxb6 axb6 16. g4 Be6 17. Rc1 Rfd8 18. Ng5 Bd7 19. Bf3 Be8 20. Nxd5 Nxd5 21. Bxg7 Kxg7 22. Bxd5 Rxd5 23. Nf3 f6 24. Ke2 g5 25. Rhd1 h5 26. Nd2 hxg4 27. hxg4 b5 28. Ne4 b6 29. b4 Bg6 30. f3 Rdd8 31. Rc3 Bf7 32. Rdc1 Bc4+ 33. Kf2 Rh8 34. Kg2 Rh4 35. Rh1 Rxh1 36. Kxh1 Kg6 37. Kg2 Be6 38. Nd2 Bd7 39. Nf1 Ra8 40. Ng3 e6 41. e4 Kf7 42. Nf1 Ke7 43. Ne3 Kd6 44. Kf2 e5 45. d5 c5 46. bxc5+ bxc5 47. Rb3 c4 48. Rc3 Kc5 49. Nc2 Rh8 50. Ke3 Rh1 51. Nb4 Re1+ 52. Kd2 Ra1 53. Nd3+ Kd4 54. Nb2 Ra2 55. Kc2 Ra1 56. Kd2 Rf1 57. Nd1 Rxd1+ 0-1


[Site "https://www.chess.com"]

[Event "Titled Tuesday Blitz May 4 2021"]
[White "Visakh N R"]
[Black "Nozdrachev, Leonid"]
[WhiteFideId "25012223"]
[BlackFideId "24113433"]
[WhiteElo "2810"]
[BlackElo "2556"]
[Result "1-0"]
[Round "04"]
[TimeControl "180+1"]
[Date "2021.05.04"]
[WhiteClock "0:01:56"]
[BlackClock "0:01:39"]

1. Nf3 Nf6 2. c4 e6 3. e3 d5 4. b3 Be7 5. Bb2 O-O 6. Be2 b6 7. O-O Bb7 8. Nc3 c5 9. cxd5 Nxd5 10. Nxd5 Bxd5 11. d4 Bf6 12. Qc1 Na6 13. Bxa6 Bxf3 14. gxf3 cxd4 15. exd4 Bxd4 16. Rd1 e5 17. Bxd4 exd4 18. Qf4 Re8 19. Rxd4 Qe7 20. Rad1 Red8 21. Rxd8+ Rxd8 22. Rxd8+ Qxd8 23. Bc4 Qe8 24. Qc7 b5 25. Bxb5 1-0


[Site "https://www.chess.com"]

[Event "Titled Tuesday Blitz May 4 2021"]
[White "Vlassov, Nikolai"]
[Black "Ward-Tsh"]
[WhiteFideId "4103360"]
[WhiteElo "2407"]
[BlackElo "2526"]
[Result "0-1"]
[Round "04"]
[TimeControl "180+1"]
[Date "2021.05.04"]
[WhiteClock "0:00:11"]
[BlackClock "0:00:16"]

1. e4 e6 2. d4 d5 3. exd5 exd5 4. Nf3 Bg4 5. h3 Bh5 6. Qe2+ Qe7 7. Be3 Nc6 8. g4 Bg6 9. Nc3 Nf6 10. O-O-O O-O-O 11. Ne5 Nxe5 12. dxe5 Qxe5 13. f4 Qe6 14. f5 Bxf5 15. gxf5 Qxf5 16. Bxa7 Bb4 17. Bd4 Rhe8 18. Qd3 Ne4 19. h4 Qf4+ 20. Kb1 Bxc3 21. bxc3 Nf2 22. Bxf2 Qxf2 23. Qd4 Qf3 24. Bh3+ Kb8 25. Qxg7 Rd6 26. Rdf1 Rb6+ 27. Ka1 Qe3 28. Qd4 Qe7 29. Rb1 Rxb1+ 30. Rxb1 Qd6 31. Bf5 c5 32. Qd3 Qe5 33. Bxh7 Rh8 34. Rf1 c4 35. Qf5 Qxc3+ 36. Kb1 Qb4+ 37. Kc1 Qa3+ 38. Kd2 Qb4+ 39. Kc1 Re8 40. Qf4+ Ka8 41. Qd2 c3 0-1


[Site "https://www.chess.com"]

[Event "Titled Tuesday Blitz May 4 2021"]
[White "Voege, Tobias"]
[Black "Sevian, Samuel"]
[WhiteFideId "1270513"]
[BlackFideId "2040506"]
[WhiteElo "2283"]
[BlackElo "2945"]
[Result "1/2-1/2"]
[Round "04"]
[TimeControl "180+1"]
[Date "2021.05.04"]
[WhiteClock "0:00:01"]
[BlackClock "0:00:03"]

1. d4 Nf6 2. c4 g6 3. Nc3 Bg7 4. Nf3 O-O 5. Bg5 d6 6. e3 Nbd7 7. Be2 b6 8. O-O Bb7 9. Nd2 h6 10. Bh4 a6 11. Qc2 e6 12. f4 Rc8 13. a4 c5 14. d5 exd5 15. cxd5 Re8 16. e4 Qc7 17. Rae1 Nh7 18. Nc4 Bd4+ 19. Kh1 g5 20. Bg3 gxf4 21. Bxf4 Ne5 22. Bxh6 Nxc4 23. Bxc4 Re5 24. Qd3 Kh8 25. Bxa6 Bxa6 26. Qxa6 Rg8 27. Qd3 Qe7 28. Bf4 Qh4 29. Bxe5+ Bxe5 30. Qh3 Qxh3 31. gxh3 Ng5 32. Rf5 f6 33. h4 Nh3 34. Ref1 Rg4 35. R5f3 Rxh4 36. Kg2 Ng5 37. Rg3 Kg7 38. Rf5 Bxg3 39. hxg3 Rh8 40. Nb5 Nxe4 41. Rf4 Re8 42. Kf3 Nd2+ 43. Kg4 Ne4 44. Kf3 Ng5+ 45. Kg4 Re5 46. Nxd6 Rxd5 47. Ne8+ Kg6 48. Rxf6+ Kh7 49. Rf4 Re5 50. Nf6+ Kg6 51. Nd7 Re2 52. Rf6+ Kg7 53. Kxg5 Rxb2 54. Rxb6 Rc2 55. Rc6 c4 56. Ne5 c3 57. Rc7+ Kf8 58. Kf6 Kg8 59. Kg6 Kf8 60. Kf6 Kg8 61. Ke6 Rc1 62. g4 c2 63. a5 Ra1 64. Rxc2 Rxa5 65. Rc6 Kg7 66. g5 Ra7 67. Rd6 Ra2 68. Rd7+ Kf8 69. g6 Rg2 70. Rd8+ Kg7 71. Rd7+ Kg8 72. Rf7 Rxg6+ 73. Nxg6 1/2-1/2


[Site "https://www.chess.com"]

[Event "Titled Tuesday Blitz May 4 2021"]
[White "Volkov, Maksim"]
[Black "Simonovic, Miroslav"]
[WhiteFideId "54123070"]
[BlackFideId "919152"]
[WhiteElo "2113"]
[BlackElo "2043"]
[Result "0-1"]
[Round "04"]
[TimeControl "180+1"]
[Date "2021.05.04"]
[WhiteClock "0:00:11"]
[BlackClock "0:00:07"]

1. d4 Nf6 2. c4 c5 3. d5 b5 4. cxb5 a6 5. bxa6 Bxa6 6. e3 Bxf1 7. Kxf1 d6 8. Nc3 Nbd7 9. Nge2 g6 10. f3 Bg7 11. Kf2 O-O 12. b3 Qa5 13. Bb2 Rfb8 14. Qc2 Nb6 15. Rhd1 Nfd7 16. e4 c4 17. Kf1 Qc5 18. Rac1 Ne5 19. h3 Nd3 20. Rxd3 cxd3 21. Qxd3 Rc8 22. g4 Qa5 23. Kg2 Rc7 24. h4 Rac8 25. f4 Nd7 26. Qe3 Qa6 27. Kf3 Nc5 28. Rd1 Qa5 29. h5 Nxb3 30. axb3 Bxc3 31. Bxc3 Rxc3 32. Nxc3 Rxc3 33. Rd3 Rc2 34. h6 Qa1 35. f5 Qh1+ 36. Kf4 Qh2+ 37. Qg3 Rf2+ 38. Kg5 f6# 0-1


[Site "https://www.chess.com"]

[Event "Titled Tuesday Blitz May 4 2021"]
[White "Von Buelow, Georg"]
[Black "Titichoca Daza, Daniel"]
[WhiteFideId "4620658"]
[BlackFideId "3309550"]
[WhiteElo "2186"]
[BlackElo "1910"]
[Result "0-1"]
[Round "04"]
[TimeControl "180+1"]
[Date "2021.05.04"]
[WhiteClock "0:01:51"]
[BlackClock "0:01:52"]

1. e4 c5 2. Nf3 d6 3. d4 cxd4 4. Nxd4 Nf6 5. Nc3 g6 6. Be3 Bg7 7. f3 O-O 8. Qd2 Nc6 9. O-O-O Bd7 10. Kb1 Rc8 11. h4 Ne5 12. h5 Qa5 13. hxg6 fxg6 14. Nb3 Qc7 15. Bh6 Rf7 16. Bxg7 Rxg7 17. Qd4 b5 18. Bxb5 Bxb5 19. Nxb5 Qxc2+ 20. Ka1 Qxg2 21. Nxa7 Rc2 0-1


[Site "https://www.chess.com"]

[Event "Titled Tuesday Blitz May 4 2021"]
[White "Vovk, Orest"]
[Black "Saraci, Nderim"]
[WhiteFideId "14113490"]
[BlackFideId "6351921"]
[WhiteElo "2203"]
[BlackElo "2486"]
[Result "0-1"]
[Round "04"]
[TimeControl "180+1"]
[Date "2021.05.04"]
[WhiteClock "0:00:09"]
[BlackClock "0:00:10"]

1. h3 e5 2. Nc3 Nf6 3. d4 exd4 4. Qxd4 Nc6 5. Qa4 Bc5 6. Bg5 h6 7. Qh4 Be7 8. Bxf6 Bxf6 9. Qe4+ Qe7 10. Qxe7+ Nxe7 11. Kd2 d5 12. e3 Be6 13. Nb5 O-O-O 14. Nxa7+ Kb8 15. Nb5 Bxb2 16. Rb1 Bf6 17. Nf3 d4 18. exd4 Bxa2 19. Rb2 Bd5 20. c3 c5 21. Be2 Nc6 22. Rhb1 cxd4 23. Nbxd4 Nxd4 24. cxd4 Be4 25. Ra1 Bxf3 26. Bxf3 Rxd4+ 27. Ke2 Rd7 28. Rab1 Bxb2 29. Rxb2 Re8+ 30. Kf1 f5 31. g4 Rf8 32. Kg2 fxg4 33. hxg4 Rf4 34. Kg3 g5 35. Be2 Kc7 36. Rc2+ Kd8 37. f3 Rd6 38. Rb2 b6 39. Ba6 Ra4 40. Bb7 Ra5 41. Be4 b5 42. Rc2 b4 43. Bf5 b3 44. Rc8+ Ke7 45. Rc7+ Kf6 46. Rb7 Ra3 47. Bh7 Ke5 48. Bg8 Rd3 49. Bh7 Rc3 50. Be4 Ra1 51. Re7+ Kd4 52. Rb7 Re1 53. Kf2 Rxe4 54. Rb4+ Rc4 55. Rxb3 Rc2+ 56. Kg3 Ree2 57. Rb4+ Kc3 0-1


[Site "https://www.chess.com"]

[Event "Titled Tuesday Blitz May 4 2021"]
[White "Vypkhaniuk, Ihor"]
[Black "Shuvalov, Evgenij"]
[WhiteFideId "14112256"]
[BlackFideId "4187237"]
[WhiteElo "2368"]
[BlackElo "2163"]
[Result "1-0"]
[Round "04"]
[TimeControl "180+1"]
[Date "2021.05.04"]
[WhiteClock "0:00:52"]
[BlackClock "0:00:08"]

1. d4 Nf6 2. c4 g6 3. Nc3 d5 4. e3 Bg7 5. Qb3 c5 6. dxc5 dxc4 7. Bxc4 O-O 8. Nf3 Qa5 9. Qb5 Qc7 10. O-O Bd7 11. Qb4 Na6 12. Bxa6 bxa6 13. Bd2 Rfc8 14. Na4 Rab8 15. Qa3 Ne4 16. Rac1 Nxd2 17. Nxd2 Bxa4 18. Qxa4 Rxb2 19. Nb3 Qc6 20. Qa3 Qb5 21. Nd4 Qb4 22. Qxa6 Rc7 23. Nb3 Bf6 24. c6 h5 25. h3 g5 26. Qd3 g4 27. Qd8+ Kg7 28. Qxc7 gxh3 29. Qg3+ Kh7 30. Qxh3 Rxa2 31. Qxh5+ Kg7 32. c7 Qxb3 33. c8=Q 1-0


[Site "https://www.chess.com"]

[Event "Titled Tuesday Blitz May 4 2021"]
[White "Winslow, Elliott"]
[Black "Van der Velden, Bram"]
[WhiteFideId "2002523"]
[BlackFideId "1015753"]
[WhiteElo "2240"]
[BlackElo "2155"]
[Result "0-1"]
[Round "04"]
[TimeControl "180+1"]
[Date "2021.05.04"]
[WhiteClock "0:00:01"]
[BlackClock "0:00:01"]

1. e4 c5 2. Nf3 Nc6 3. d4 cxd4 4. Nxd4 Qc7 5. Nc3 e6 6. Be3 a6 7. Qf3 Nf6 8. O-O-O b5 9. Nxc6 dxc6 10. e5 Nd5 11. Nxd5 cxd5 12. Qg3 Bb7 13. Bd4 g6 14. Kb1 Rc8 15. Bd3 Be7 16. h4 h5 17. Bxg6 fxg6 18. Qxg6+ Kd7 19. g3 Rhg8 20. Qd3 Qc4 21. Qd2 Rcf8 22. c3 a5 23. Rhe1 b4 24. b3 Qa6 25. c4 a4 26. Re3 axb3 27. Rxb3 Ke8 28. c5 Bc6 29. Qxb4 Rf7 30. Qb8+ Bd8 31. Rb6 Qa4 32. Rc1 Qxd4 33. Rxc6 Re7 34. Rc8 Rd7 35. c6 Qd3+ 36. Rc2 Qd1+ 37. Kb2 Qd4+ 38. Kc1 Qa1+ 39. Kd2 Qd4+ 40. Kc1 Qa1+ 41. Kd2 Qd4+ 42. Ke2 Qe4+ 43. Kd1 Qd3+ 44. Rd2 Qf1+ 45. Kc2 Qc4+ 0-1


[Site "https://www.chess.com"]

[Event "Titled Tuesday Blitz May 4 2021"]
[White "Wisniowski, Natalie"]
[Black "Onufrienko, Vladislav"]
[WhiteFideId "30929261"]
[BlackFideId "13804332"]
[WhiteElo "1702"]
[BlackElo "1661"]
[Result "0-1"]
[Round "04"]
[TimeControl "180+1"]
[Date "2021.05.04"]
[WhiteClock "0:00:03"]
[BlackClock "0:00:25"]

1. d4 d5 2. c4 c6 3. Nf3 e6 4. g3 dxc4 5. Bg2 b5 6. O-O Bb7 7. a4 Nd7 8. Qc2 a6 9. Nc3 Ngf6 10. Rd1 Be7 11. Ne5 Qb6 12. Bf4 O-O 13. Rac1 Rfd8 14. Ne4 Nd5 15. Nxd7 Rxd7 16. Ng5 Bxg5 17. Bxg5 h6 18. Bd2 Rad8 19. e3 c5 20. dxc5 Qxc5 21. Ba5 Rb8 22. axb5 axb5 23. e4 Nf6 24. b4 Qe7 25. Rxd7 Nxd7 26. Rd1 Ne5 27. Bf1 Nc6 28. Qc3 Nxa5 29. bxa5 Bxe4 30. a6 Bd5 31. a7 Qxa7 32. Qe5 Rc8 33. Qd6 Qc5 34. Qa6 b4 35. Rc1 b3 36. Ra1 c3 37. Ra5 Qc6 38. Qd3 c2 39. Rb5 c1=Q 0-1


[Site "https://www.chess.com"]

[Event "Titled Tuesday Blitz May 4 2021"]
[White "Xiong, Jeffery"]
[Black "Vignesh, N R"]
[WhiteFideId "2047640"]
[BlackFideId "25012215"]
[WhiteElo "2724"]
[BlackElo "2401"]
[Result "1-0"]
[Round "04"]
[TimeControl "180+1"]
[Date "2021.05.04"]
[WhiteClock "0:00:04"]
[BlackClock "0:00:04"]

1. d4 Nf6 2. c4 e6 3. Nc3 Bb4 4. Qc2 O-O 5. Nf3 b6 6. e4 d5 7. e5 Ne4 8. Bd3 Bb7 9. O-O Bxc3 10. bxc3 c5 11. dxc5 bxc5 12. Rb1 Bc6 13. cxd5 exd5 14. c4 f5 15. exf6 Nxf6 16. Ng5 h6 17. Ne6 Qd6 18. Nxf8 Kxf8 19. cxd5 Bxd5 20. Bf5 Nc6 21. Be3 Nd4 22. Bxd4 cxd4 23. Rfd1 Bf7 24. Rb7 Qe5 25. h3 Nd5 26. Qc5+ Kg8 27. Bh7+ Kxh7 28. Rxf7 Qe6 29. Qxd4 Qxf7 30. Qxd5 Rf8 31. Qxf7 Rxf7 32. Rd5 Rc7 33. Ra5 Kg6 34. g4 Kf6 35. Kg2 Kg6 36. h4 Kf6 37. h5 Kf7 38. Kg3 Kf6 39. f3 Kf7 40. Kf4 Kf6 41. Ra6+ Kf7 42. Ke5 Kg8 43. f4 Rc5+ 44. Kd4 Rc7 45. a4 Rf7 46. Ke5 Re7+ 47. Kd5 Rd7+ 48. Ke6 Rd4 49. Ke5 Rd7 50. g5 Rb7 51. g6 Kf8 52. f5 Re7+ 53. Re6 Rb7 54. f6 gxf6+ 55. Kxf6 Rc7 56. Rd6 1-0


[Site "https://www.chess.com"]